 Dungeon Crawl Stone Soup version 0.28.0 (webtiles) character file.

Game seed: 5806635278584853

57706 issech the Basher (level 14, -4/126 HPs)
             Began as a Troll Monk on Feb 19, 2022.
             Was the Champion of Hepliaklqana.
             Slain by a two-headed ogre (14 damage)
             ... while paralysed by an ogre mage
             ... on level 15 of the Dungeon.
             The game lasted 01:50:14 (18610 turns).

issech the Basher (Troll Monk)                     Turns: 18610, Time: 01:50:16

Health: -4/126     AC: 12    Str: 21    XL:     14   Next: 46%
Magic:  13/13      EV:  1    Int:  8    God:    Hepliaklqana [******]
Gold:   1420       SH:  0    Dex: 21    Spells: 13/13 levels left

rFire   + . .      SeeInvis .   q - +6 flail of Kianuc {vorpal, rElec Dex+4}
rCold   . . .      Faith    .   C - +2 kite shield
rNeg    + . .      Spirit   .   Z - +0 troll leather armour
rPois   +          Reflect  .   Q - +2 hat {Int+3}
rElec   +          Harm     .   l - +2 ratskin cloak {*Rats rPois rN+ Str-1 Int-1 Dex+1}
rCorr   .          Rampage  .   (gloves unavailable)
Will    ++...                   (boots unavailable)
Stlth   +++.......              X - amulet of magic regeneration
HPRegen 1.91/turn               S - ring of protection from fire
MPRegen 0.53/turn               y - ring of willpower

@: paralysed
A: reduced essence, large, unfitting armour, claws 3, regeneration 1, shaggy fur
1, tough skin 1
a: Renounce Religion, Recall Ancestor, Ancestor Identity, Transference, Idealise


You were on level 15 of the Dungeon.
You worshipped Hepliaklqana.
Hepliaklqana was exalted by your worship.
You visited 4 branches of the dungeon, and saw 19 of its levels.

You collected 1974 gold pieces.
You spent 554 gold pieces at shops.

Inventory:

Hand Weapons
 b - a +2 vampiric scimitar
 q - the +6 flail of Kianuc (weapon) {vorpal, rElec Dex+4}
   (You found it on level 3 of the Dungeon)

   It inflicts extra damage upon your enemies.
   Dex:       It affects your dexterity (+4).
   rElec:     It insulates you from electricity.
 B - a +6 flail
 K - a +4 morningstar
 L - a +1 flail of protection
 N - a +4 quarterstaff of chaos
 W - a +3 flail of venom
Missiles
 a - 2 throwing nets
 e - 164 bolts
 f - 406 stones
 j - 529 arrows
 n - 2 silver boomerangs
 G - 11 poisoned darts
 H - 80 sling bullets
 V - 17 large rocks (quivered)
Armour
 l - the +2 ratskin cloak (worn) {*Rats rPois rN+ Str-1 Int-1 Dex+1}
   (You found it on level 2 of the Dungeon)

   When the wearer is hurt, rats may emerge from it to assist them.
   Str:       It affects your strength (-1).
   Int:       It affects your intelligence (-1).
   Dex:       It affects your dexterity (+1).
   rPois:     It protects you from poison.
   rN:        It protects you from negative energy.
 s - a scarf of harm
 t - a +2 robe of fire resistance
 C - a +2 kite shield (worn)
 O - a +2 robe of willpower
 Q - a +2 hat of intelligence (worn)
 T - a +2 robe of cold resistance
 Z - a +0 troll leather armour (worn)
Jewellery
 y - a ring of willpower (right claw)
 A - the ring of Riomm {rF- Int+6 Dex+4}
   (You found it on level 4 of the Dungeon)

   [ring of intelligence]

   Int:       It affects your intelligence (+6).
   Dex:       It affects your dexterity (+4).
   rF:        It makes you vulnerable to fire.
 J - a ring of resist corrosion
 S - a ring of protection from fire (left claw)
 U - a ring of fire
 X - an amulet of magic regeneration (around neck)
Wands
 g - a wand of iceblast (5)
 r - a wand of charming (9)
 u - a wand of flame (73)
 E - a wand of paralysis (7)
 R - a wand of acid (7)
Scrolls
 c - 2 scrolls of enchant armour
 d - 7 scrolls of teleportation
 m - 2 scrolls of magic mapping
 o - a scroll of identify
 p - a scroll of blinking
 x - a scroll of fog
 I - 2 scrolls of silence
 M - 3 scrolls of enchant weapon
 Y - a scroll of holy word
Potions
 h - a potion of experience
 i - 3 potions of haste
 k - 6 potions of curing
 v - a potion of mutation
 w - 3 potions of heal wounds
 z - a potion of cancellation
 D - a potion of brilliance
 F - a potion of flight
 P - 9 potions of ambrosia


   Skills:
 + Level 9.3 Fighting
 + Level 13.6 Maces & Flails
 + Level 0.2 Throwing
 + Level 4.8 Armour
 + Level 9.4 Dodging
 + Level 5.6 Stealth
 + Level 9.7 Shields


You had 13 spell levels left.
You didn't know any spells.
Your spell library contained the following spells:

 Spells                   Type           Power      Damage    Failure   Level
 Apportation              Tloc           0%         N/A       67%         1
 Magic Dart               Conj           0%         1d3       67%         1
 Call Imp                 Summ           0%         N/A       80%         2
 Gell's Gravitas          Tloc           0%         N/A       95%         3
 Ignite Poison            Fire/Tmut/Pois 0%         N/A       95%         3
 Lesser Beckoning         Tloc           0%         N/A       95%         3
 Mephitic Cloud           Conj/Pois/Air  0%         N/A       95%         3
 Teleport Other           Tloc           0%         N/A       95%         3
 Alistair's Intoxication  Tmut/Pois      0%         N/A       100%        5
 Freezing Cloud           Conj/Ice/Air   0%         6-21      100%        5


Dungeon Overview and Level Annotations

Branches:
Dungeon (15/15)            Temple (1/1) D:7            Lair (0/6) D:11
    Orc (2/2) D:11            Elf (1/3) Orc:2        Vaults (0/5) D:14
 Depths (0/4) D:15

Altars:
Ashenzari
Cheibriados
Dithmenos
Elyvilon
Fedhas
Gozag
Hepliaklqana
Kikubaaqudgha
Makhleb
Nemelex Xobeh
Okawaru
Qazlal
Ru
Sif Muna
Trog
Uskayaw
Vehumet
Wu Jian
Xom
Yredelemnul
Zin
The Shining One
Beogh
Lugonu

Shops:
D:6 =   D:10 =   D:14 !   D:15 *   Orc:1 *   Orc:2 (?[:

Portals:
Gauntlet: D:15


Innate Abilities, Weirdness & Mutations

Your life essence is reduced to manifest your ancestor. (-10% HP)
You are too large for most types of armour.
You have claws for hands.
Your natural rate of healing is unusually fast.
You are covered in fur. (AC +1)
You have tough skin. (AC +1)


Message History

The fire dragon barely misses Shatamurrim.
The fire dragon tramples Shatamurrim!
Shatamurrim is shoved backwards!
You catch the helpless fire dragon completely off-guard!
You sock the fire dragon!
You kill the fire dragon!
Shatamurrim gestures at the fire vortex while chanting.
The puff of frost hits the fire vortex!!
The fire vortex is frozen!
Shatamurrim gestures at the fire vortex while chanting.
The stone arrow hits the fire vortex!!
The fire vortex dissipates!
You swap places.
Found a ring mail.
You hear the loud beating of a drum very nearby.
Found 2 potions of ambrosia.
The two-headed ogre shouts in stereo!
The ogre mage shouts!
You hear a roar!
The ogre mage gestures at you while chanting.
You suddenly lose the ability to move!
The two-headed ogre hits you with a +0 giant club. x2
The ogre mage hits you from afar with a +0 halberd.
Shatamurrim hits the ogre mage but does no damage.
The ogre mage casts a spell at the two-headed ogre.
The two-headed ogre seems to speed up.
The two-headed ogre hits you with a +0 giant club!!
A river rat scurries out from under your cloak.
The two-headed ogre hits you with a +0 giant club!
Shatamurrim hits the ogre mage with a +0 quarterstaff!!
The two-headed ogre hits you with a +0 giant club.
The two-headed ogre hits you with a +0 giant club!
The ogre mage hits you from afar with a +0 halberd!
Shatamurrim hits the ogre mage with a +0 quarterstaff!!
Your river rat barely misses the two-headed ogre.
The two-headed ogre hits you with a +0 giant spiked club!!
* * * LOW HITPOINT WARNING * * *
The two-headed ogre hits you with a +0 giant club!
* * * LOW HITPOINT WARNING * * *
The two-headed ogre hits you with a +0 giant club!
* * * LOW HITPOINT WARNING * * *
The two-headed ogre hits you with a +0 giant club!
You die...

#....).......#.....###....
#....#....#.##.....#......
#....####..........#......
#....# #..........#......
#).)o# #..........#......
#...O# #..........#......
#....#**#......#####......
*##'#...##......#,,,.......
*,+∩'...OR@.....#,,,.....!.
*,#+#....OO...###,,,,,,,,,,
*,,........r..# *,,,,,,,,,,
**,......###### *,,,,,,,,,,
*,......,*,,* ********,,,
**...#..,*,,** *** *,,,,,
*...#..,***,***>* *,,,,,
*..,#.,,,,,*,,,** *,,,,,
*****,,,,≈,*,≈,* *,,,≈≈


You could see the friendly Shatamurrim the battlemage, 2 two-headed ogres, an
ogre mage (ally target) and a friendly river rat.

Vanquished Creatures
  Josephine (Orc:2)
  A fire dragon (D:15)
  3 vault guards
  2 hydras
  A centaur warrior (D:13)
  3 death knights (D:11)
  Erica (D:9)
  7 two-headed ogres
  2 tengu warriors
  An orc high priest (Orc:2)
  A cherub (D:13)
  An orb spider (shapeshifter) (D:14)
  A deep elf zephyrmancer (Orc:2)
  An orc knight (D:15)
  2 deep elf pyromancers (Orc:2)
  4 orc sorcerers
  2 manticores
  2 cyclopes
  5 ugly things
  2 centaur zombies (D:11)
  A black mamba (shapeshifter) (D:13)
  A molten gargoyle (D:11)
  A rime drake (shapeshifter) (D:14)
  A freezing wraith (D:15)
  A kobold demonologist (D:13)
  An efreet (D:14)
  A queen bee (D:10)
  6 trolls
  A hornet (D:10)
  Prince Ribbit (D:7)
  A shadow (D:11)
  14 yaks
  4 wyverns
  A vampire (D:11)
  5 wraiths
  6 vampire mosquitoes
  4 wargs
  An acid dragon (D:12)
  Duvessa (D:6)
  A hornet zombie (D:9)
  2 black bears
  7 orc warriors
  A sky beast (D:5)
  7 ogres
  3 boggarts (D:13)
  6 centaurs
  2 kobold brigands
  A bullfrog (D:6)
  A gnoll sergeant (D:5)
  A scorpion (D:5)
  A water moccasin zombie (D:5)
  A water moccasin skeleton (D:5)
  14 killer bees (D:10)
  4 wights
  2 electric eels (D:6)
  2 lava snakes (D:11)
  A crimson imp (Orc:2)
  A bullfrog zombie (D:4)
  A bullfrog skeleton (D:6)
  Crazy Yiuf (D:6)
  A jelly (D:5)
  22 orc priests
  An iron imp (Orc:2)
  2 iguanas
  19 orc wizards
  7 scorpion zombies (D:4)
  A killer bee zombie (D:8)
  2 hound zombies (D:4)
  A hound skeleton (D:4)
  A howler monkey zombie (D:9)
  6 adders
  11 gnolls
  2 shadow imps
  A white imp (Orc:2)
  An ufetubus (D:5)
  2 adder zombies (D:4)
  An adder skeleton (D:4)
  A worm (D:2)
  4 dart slugs
  38 orcs
  5 bats
  2 endoplasms
  5 giant cockroaches
  7 goblins
  6 hobgoblins
  5 jackals
  14 kobolds
  10 ball pythons
  4 frilled lizards
  A quokka zombie (D:4)
  4 rats
342 creatures vanquished.

Vanquished Creatures (collateral kills)
  An orc warlord (Orc:2)
  A hydra (D:12)
  A vault guard (D:14)
  4 boulder beetles
  6 centaur warriors
  2 death knights (D:11)
  A two-headed ogre (D:6)
  A dancing weapon (D:13)
  A cherub (D:13)
  2 orc sorcerers (Orc:2)
  2 ugly things
  A cyclops (D:13)
  Joseph (D:7)
  A gargoyle (D:12)
  A kobold demonologist (D:13)
  An unseen horror (D:10)
  2 trolls
  2 wraiths
  8 yaks
  A basilisk (D:14)
  A golden eye (shapeshifter) (D:13)
  7 vampire mosquitoes
  2 wargs
  An acid dragon (D:7)
  A water moccasin (D:6)
  A swamp drake (Orc:2)
  16 orc warriors
  2 sky beasts
  A black bear (D:6)
  5 ogres
  2 boggarts (D:13)
  5 centaurs
  2 kobold brigands (D:13)
  A gnoll sergeant (D:13)
  3 bullfrogs
  2 scorpions (D:5)
  Dowan (D:6)
  7 wights
  15 killer bees (D:10)
  2 electric eels (D:6)
  2 centaur zombies (D:8)
  A bullfrog zombie (D:6)
  A jelly (D:5)
  A gnoll shaman (D:4)
  6 orc priests
  Ijyb (D:5)
  21 orc wizards
  A scorpion zombie (D:4)
  5 gnolls
  An adder (D:6)
  A shadow imp (D:7)
  A worm (D:5)
  20 orcs
  An endoplasm (D:2)
  4 kobolds
  A bush (D:6)
  A fire vortex (D:15)
186 creatures vanquished.

Vanquished Creatures (others)
  A tormentor (D:11)
  20 battlemagi
  2 orcs
  4 fungi (D:6)
  44 plants
  2 withered plants (D:4)
73 creatures vanquished.

Grand Total: 601 creatures vanquished

Notes
Turn   | Place    | Note
-------+----------+-------------------------------------------
     0 | D:1      | issech the Troll Monk began the quest for the Orb.
     0 | D:1      | Reached XP level 1. HP: 22/22 MP: 0/0
   275 | D:1      | Reached XP level 2. HP: 29/29 MP: 1/1
   404 | D:1      | Reached skill level 3 in Maces & Flails
   784 | D:1      | Reached XP level 3. HP: 36/36 MP: 2/2
  1363 | D:2      | Found the +2 ratskin cloak {*Rats rPois rN+ Str-1 Int-1
                  | Dex+1}
  1508 | D:2      | Reached XP level 4. HP: 28/44 MP: 3/3
  2286 | D:3      | Identified the +6 flail of Kianuc {vorpal, rElec Dex+4}
  2308 | D:3      | Found an opulent altar of Gozag.
  2740 | D:3      | Found a shimmering blue altar of Sif Muna.
  2874 | D:3      | Found a blossoming altar of Fedhas.
  3152 | D:4      | Reached skill level 4 in Maces & Flails
  3152 | D:4      | Reached XP level 5. HP: 53/53 MP: 4/4
  3358 | D:4      | Found an iron altar of Okawaru.
  3387 | D:4      | Reached XP level 6. HP: 60/61 MP: 5/5
  3477 | D:4      | Reached skill level 5 in Maces & Flails
  3687 | D:4      | Reached XP level 7. HP: 67/67 MP: 6/6
  3701 | D:4      | Identified the ring of Riomm {rF- Int+6 Dex+4}
  4055 | D:5      | Entered Level 5 of the Dungeon
  4097 | D:5      | Found a faded altar of an unknown god.
  4097 | D:5      | Found a hazy altar of Hepliaklqana.
  4132 | D:5      | Became a worshipper of Hepliaklqana the Forgotten
  4132 | D:5      | Reached * piety under Hepliaklqana
  4132 | D:5      | Reached ** piety under Hepliaklqana
  4133 | D:5      | Remembered your ancestor Shatamurrim as a battlemage
  4204 | D:5      | Reached skill level 6 in Maces & Flails
  4296 | D:5      | Reached XP level 8. HP: 70/70 MP: 7/7
  4301 | D:5      | Found a bloodstained altar of Trog.
  4380 | D:5      | Noticed Ijyb
  4397 | D:5      | Killed Ijyb
  4408 | D:5      | Reached skill level 7 in Maces & Flails
  4528 | D:5      | Reached skill level 5 in Dodging
  4896 | D:6      | Reached skill level 5 in Fighting
  4896 | D:6      | Reached skill level 1 in Shields
  4968 | D:6      | Found a burning altar of Makhleb.
  4988 | D:6      | Found a sacrificial altar of Ru.
  4988 | D:6      | Found a snail-covered altar of Cheibriados.
  4989 | D:6      | Found an ornate altar of the Wu Jian Council.
  5039 | D:6      | Reached XP level 9. HP: 79/79 MP: 8/8
  5250 | D:6      | Reached *** piety under Hepliaklqana
  5265 | D:6      | Found Xaocanuv's Jewellery Boutique.
  5280 | D:6      | Noticed a two-headed ogre
  5284 | D:6      | Reached skill level 8 in Maces & Flails
  5293 | D:6      | Killed a two-headed ogre
  5474 | D:6      | Noticed Duvessa
  5474 | D:6      | Noticed Dowan
  5480 | D:6      | Killed Dowan
  5484 | D:6      | Killed Duvessa
  6094 | D:6      | Found a runed translucent door.
  6095 | D:6      | Noticed Crazy Yiuf
  6104 | D:6      | Killed Crazy Yiuf
  6174 | D:7      | Reached skill level 9 in Maces & Flails
  6178 | D:7      | Reached XP level 10. HP: 69/88 MP: 9/9
  6270 | D:7      | Found a staircase to the Ecumenical Temple.
  6348 | D:7      | Noticed Joseph
  6455 | D:6      | Bought a ring of protection from fire for 350 gold pieces
  6578 | D:7      | Noticed Prince Ribbit
  6898 | Temple   | Entered the Ecumenical Temple
  7069 | D:7      | Found a glowing golden altar of the Shining One.
  7069 | D:7      | Found a broken altar of Ashenzari.
  7069 | D:7      | Found a hide-covered altar of Uskayaw.
  7354 | D:7      | Killed Joseph
  7357 | D:7      | Killed Prince Ribbit
  7721 | D:8      | Reached **** piety under Hepliaklqana
  7759 | D:8      | Found a basalt altar of Yredelemnul.
  8900 | D:9      | Noticed Erica
  8908 | D:9      | Reached ***** piety under Hepliaklqana
  8914 | D:9      | Killed Erica
  8915 | D:9      | Reached skill level 10 in Maces & Flails
  8927 | D:9      | Noticed a two-headed ogre
  8928 | D:9      | Found a stormy altar of Qazlal.
  8935 | D:9      | Killed a two-headed ogre
  8936 | D:9      | Reached XP level 11. HP: 95/95 MP: 10/10
  8973 | D:9      | Found an ancient bone altar of Kikubaaqudgha.
  8997 | D:9      | Reached skill level 5 in Shields
  9434 | D:10     | Entered Level 10 of the Dungeon
  9672 | D:10     | Reached skill level 1 in Armour
 10268 | D:10     | Found Joorissae's Jewellery Boutique.
 10346 | D:11     | Noticed a death knight
 10380 | D:11     | Reached skill level 11 in Maces & Flails
 10495 | D:11     | Noticed a death knight
 10496 | D:11     | Noticed a death knight
 10539 | D:11     | Found a staircase to the Lair.
 10653 | D:11     | Killed a death knight
 11140 | D:11     | Reached XP level 12. HP: 106/106 MP: 11/11
 11350 | D:11     | Noticed a death knight
 11363 | D:11     | Killed a death knight
 11366 | D:11     | Noticed a death knight
 11376 | D:11     | Noticed a two-headed ogre
 11395 | D:11     | Killed a two-headed ogre
 11411 | D:11     | Killed a death knight
 11507 | D:11     | Noticed a death knight
 11522 | D:11     | Killed a death knight
 11939 | D:11     | Killed a death knight
 12039 | D:11     | Found a staircase to the Orcish Mines.
 12126 | Orc:1    | Entered Level 1 of the Orcish Mines
 12260 | Orc:1    | Reached skill level 12 in Maces & Flails
 12419 | Orc:1    | Found Cusoarhi's Gadget Gallery.
 12542 | Orc:2    | Entered Level 2 of the Orcish Mines
 12542 | Orc:2    | Noticed an orc warlord
 13123 | Orc:2    | Noticed an orc high priest
 13138 | Orc:2    | Killed an orc high priest
 13155 | Orc:2    | Found Ryddoiwk's Magic Scroll Shop.
 13155 | Orc:2    | Found Hucajazi's Weapon Shop.
 13165 | Orc:2    | Found Jaewac's Armour Boutique.
 13168 | Orc:2    | Found Pabyveuff's Book Boutique.
 13518 | Orc:2    | Bought a scroll of identify for 34 gold pieces
 13518 | Orc:2    | Bought 3 scrolls of identify for 102 gold pieces
 13518 | Orc:2    | Bought a scroll of identify for 34 gold pieces
 13518 | Orc:2    | Bought a scroll of identify for 34 gold pieces
 13580 | Orc:2    | Reached XP level 13. HP: 111/114 MP: 12/12
 13690 | Orc:2    | Killed an orc warlord
 13927 | Orc:2    | Reached ****** piety under Hepliaklqana
 14109 | Orc:2    | Noticed Josephine
 14124 | Orc:2    | Killed Josephine
 14249 | Orc:2    | Found a staircase to the Elven Halls.
 14510 | Elf:1    | Entered Level 1 of the Elven Halls
 15085 | D:12     | Reached skill level 5 in Stealth
 16029 | D:13     | Reached skill level 13 in Maces & Flails
 16926 | D:14     | Found a gate to the Vaults.
 16973 | D:14     | HP: 3/117 [blink frog (shapeshifter) (5)]
 17246 | D:13     | Reached XP level 14. HP: 91/123 MP: 13/13
 17669 | D:14     | Found Tihafogg's Distillery.
 18311 | D:15     | Entered Level 15 of the Dungeon
 18395 | D:15     | Found a gate leading to a gauntlet.
 18436 | D:15     | Found Jaech's General Store.
 18605 | D:15     | Paralysed by an ogre mage for 6 turns
 18610 | D:15     | Slain by a two-headed ogre

Illustrated notes

Levels and vault maps discovered:
D:1:      ncdulo_smallfort, layout_loops_corners, lemuel_flame_loot_1
D:2:      layout_loops_corners, minmay_cut_off
D:3:      layout_basic, fedhas_altar_4, mainiacjoe_overflow_boulevard,
          lemuel_blue_sif_altar
D:4:      layout_gridville, mainiacjoe_overflow_small_starburst, serial_undead,
          serial_undead_e, serial_undead_a, serial_undead_c, serial_undead_d,
          serial_undead_b, serial_undead_b, serial_undead_f, serial_undead_a
D:5:      layout_cave_pools, old_standard_altar,
          beargit_hepliaklqana_dungeon_heroes, uniq_ijyb
D:6:      minmay_flawed_box, layout_basic, lemuel_tele_altar,
          gammafunk_temple_overflow_forgotten, serial_shops, shop, serial_bayou,
          serial_bayou_lagoon_a, serial_bayou_pond_c, serial_bayou_pond_d,
          serial_bayou_crossing, st_stairs_9, uniq_duvessa,
          uniq_crazy_yiuf_cottage
D:7:      layout_cave_pools, gammafunk_temple_overflow_claw,
          minmay_temple_entry_grid, wad_floor_pattern_untrapped,
          uniq_prince_ribbit1, uniq_joseph
D:8:      layout_layer_cave, lemuel_zombie_altar_yredelemnul
D:9:      layout_rooms, grunt_qazlal_clouds, kiku_gazebo_pond_becter, uniq_erica
D:10:     minmay_skewed_foursquare, layout_rooms, serial_rivers,
          chequers_serial_rivers_micro_d, chequers_serial_rivers_room_b,
          chequers_serial_rivers_micro_c, chequers_serial_rivers_marsh,
          chequers_serial_rivers_large_a, special_room [special_room_bee],
          serial_shops, nicolae_lakefront_shop, lemuel_flamethrower_2
D:11:     cheibrodos_tormentor_scu, layout_long_grid, erik_lair_orcish_takeover,
          orc_0_dummy, kennysheep_big_empty_room, minivault_10,
          corexii_corridor_pit, minmay_misc_feat_five
D:12:     layout_big_octagon
D:13:     layout_roguey, pf_eden
D:14:     layout_long_grid, lightli_vaults_fourway_checkpoint, serial_shops,
          nicolae_shop_waterfront, minmay_crystal_room, bh_walls_and_bars
D:15:     hangedman_depths_entry_try_elsewhere_first, layout_basic,
          gauntlet_entry_generic, serial_shops, nicolae_shop_behind_doors,
          minmay_misc_feat_secret_circle, st_stairs_12
Temple:   corrupted_temple
Orc:1:    layout_caves, nicolae_shop_gadgets
Orc:2:    st_orc_mages, layout_caves, basic_altar, hangedman_minor_magic,
          uniq_josephine
Elf:1:    elf_arrival_002, layout_geoelf_diagonals, serial_shops,
          nicolae_shop_crystal, shop, nicolae_shop_behind_doors, shop_fountains,
          nicolae_shop_waterfront, minivault_28

Skill      XL: |  1  2  3  4  5  6  7  8  9 10 11 12 13 14 |
---------------+-------------------------------------------+-----
Maces & Flails | 3 4 5 6 7 9 10 11 12 13 | 13.6
Dodging        | 3 4 5 6 7 8 9 |  9.4
Fighting       | 3 4 5 6 7 8 9 |  9.3
Stealth        | 2 3 4 5 |  5.6
Shields        | 1 3 4 6 7 9 |  9.7
Armour         | 2 3 4 |  4.8
Throwing       | |  0.2

Action                   |  1- 3 |  4- 6 |  7- 9 | 10-12 | 13-15 || total
-------------------------+-------+-------+-------+-------+-------++-------
Melee: Mace              |   125 |    24 |       |       |       ||   149
       Punch             |     1 |     1 |       |       |       ||     2
       Flail             |       |    93 |   230 |   558 |   470 ||  1351
Throw: Large rock        |       |       |       |       |     4 ||     4
Invok: Ancestor Life: Ba |       |       |     1 |       |       ||     1
       Recall Ancestor   |       |       |       |       |     1 ||     1
  Use: Scroll            |       |     1 |     5 |    13 |     1 ||    20
       Potion            |       |       |       |     4 |     1 ||     5
 Stab: Sleeping          |     2 |     1 |     3 |     6 |     4 ||    16
       Distracted        |       |     1 |     3 |    14 |    15 ||    33
Armor: Robe              |    80 |    54 |    46 |    17 |       ||   197
       Troll leather arm |       |       |       |    86 |   161 ||   247
Dodge: Dodged            |    87 |    91 |    87 |   219 |   294 ||   778
Block: Kite shield       |       |       |    68 |   362 |   492 ||   922
